 Dungeon Crawl Stone Soup version 0.32-a0-893-gf85d74f360 (webtiles) character file.

Game seed: 1328975887716001983

56 KennySheep the Grasshopper (level 3, -21/29 HPs)
             Began as an Armataur Warper on Apr 4, 2024.
             Was an Initiate of Gozag.
             Killed by an exploding bombardier beetle (36 damage)
             ... ignited by their inner flame
             ... on level 2 of the Dungeon.
             The game lasted 00:04:03 (1231 turns).

KennySheep the Grasshopper (Armataur Warper)        Turns: 1231, Time: 00:04:04

Health: -21/29     AC:  4    Str: 13 (16) XL:     3   Next: 71%
Magic:  6/6        EV:  8    Int: 10 (13) God:    Gozag
Gold:   229        SH:  0    Dex:  8 (11) Spells: 2/6 levels left

rFire   . . .        a - +0 short sword
rCold   . . .        (no shield)
rNeg    . . .        b - +0 leather armour
rPois   .            (no helmet)
rElec   .            (no cloak)
rCorr   .            (no gloves)
SInv    .            (no barding)
Will    .....        (no amulet)
Stlth   +            (no ring)
HPRegen 0.24/turn    (no ring)
MPRegen 0.76/turn

%: roll
@: on fire, gold aura, glowing
A: large, deformed body, tough skin 3, armoured tail, rollpage 1
a: Renounce Religion, Potion Petition, Call Merchant, Bribe Branch


You were on level 2 of the Dungeon.
You worshipped Gozag.
Gozag was aware of your devotion.
You visited 1 branch of the dungeon, and saw 2 of its levels.

You collected 229 gold pieces.

Inventory:

Hand Weapons
 a - a +0 short sword (weapon)
 e - a +0 dagger of holy wrath
Missiles
 d - 7 darts of dispersal (quivered)
Armour
 b - a +0 leather armour (worn)
Jewellery
 g - a ring of resist corrosion
Scrolls
 f - a scroll of immolation
 h - a scroll of identify
Potions
 i - a potion of degeneration


   Skills:
 + Level 2.1 Fighting
 * Level 2.6 Short Blades
 - Level 0.8 Throwing
 - Level 1.2 Armour
 - Level 1.3 Dodging
 * Level 2.2 Stealth
 + Level 2.1 Spellcasting
 - Level 3.0 Translocations


You had 2 spell levels left.
You knew the following spells:

 Your Spells              Type           Power      Damage    Failure   Level
a - Blink                 Tloc           14%        N/A       17%         2
b - Lesser Beckoning      Tloc           14%        N/A       17%         2

Your spell library contained the following spells:

 Spells                   Type           Power      Damage    Failure   Level
 Call Imp                 Summ           2%         N/A       52%         2
 Sublimation of Blood     Necr           1%         N/A       52%         2
 Maxwell's Portable Pile  Tloc           7%         2d(5-15)  34%         3
 Teleport Other           Tloc           7%         N/A       34%         3
 Vhi's Electric Charge    Tloc/Air       8%         N/A       91%         4
 Summon Hydra             Summ           0%         N/A       100%        7


Dungeon Overview and Level Annotations

Branches:
Dungeon (2/15)

Altars:
Gozag


Innate Abilities, Weirdness & Mutations

Armour fits poorly on your strangely shaped body.
You have extremely tough skin. (AC +3)
You have a long armoured tail.
You regenerate magic when rolling toward enemies. (Rampage MPRegen)


Message History

The bombardier beetle is lightly wounded.
The bombardier beetle bites you but does no damage.
You hit the bombardier beetle but do no damage.
The bombardier beetle is lightly wounded.
The bombardier beetle sprays incendiary fluid at you.
The burning spray hits you.
You are covered in liquid fire!
Casting: Blink (safe; 17% risk of failure)
Confirm with . or Enter, or press ? or * to list all spells.
Okay, then.
Casting: Blink (safe; 17% risk of failure)
Confirm with . or Enter, or press ? or * to list all spells.
Okay, then.
You aren't carrying any items that you can evoke.
Unknown command.
As you read the scroll labelled APPADO DEVU, it crumbles to dust.
The creatures around you are filled with an inner flame!
It was a scroll of immolation.
The liquid fire burns you!
As you read the scroll labelled MOOWKENYAN, it crumbles to dust.
It is a scroll of identify.
You don't currently have any unidentified items.
The liquid fire burns you!
The bombardier beetle bites you but does no damage.
You hit the bombardier beetle but do no damage.
Flame seeps out of the bombardier beetle.
You tail-slap the bombardier beetle.
The bombardier beetle is heavily wounded.
The liquid fire burns you!
You hit the bombardier beetle but do no damage.
Flame seeps out of the bombardier beetle.
You tail-slap the bombardier beetle.
The bombardier beetle is heavily wounded.
The liquid fire burns you!
The bombardier beetle is engulfed in blazing flames.
The bombardier beetle explodes!
The fiery explosion engulfs you!!!
Ouch! That really hurt!
You die...
Your body crumbles into a pile of gold.

.......### #.. ###..
#........### #.##.###...
#..........######.##......#
....## #.#....$##.#(......##
.....###..####.............# ..
........#..####............# ...
...#........###.##.........#....
.|.............§##.........#.#..
....####.......○@...............
....#
##......§§§...<............
....#
#..###........<............
...B#
#.#####.......$............
....$...##......................
....######.#..................##
....# #..#.##.....$.........#
....# #..[..................###
#####
#......##.....<....).......


There were no monsters in sight!

Vanquished Creatures
  A bombardier beetle (D:2)
  Jessica (D:2)
  A ball python (D:1)
  3 endoplasms
  4 giant cockroaches
  3 goblins (D:1)
  2 hobgoblins (D:1)
  A quokka (D:1)
  3 bats (D:1)
  2 frilled lizards (D:1)
  4 kobolds (D:1)
  4 rats
29 creatures vanquished.

Notes
Turn   | Place    | Note
-------+----------+-------------------------------------------
     0 | D:1      | KennySheep the Armataur Warper began the quest for the Orb.
     0 | D:1      | Reached XP level 1. HP: 17/17 MP: 3/3
    42 | D:1      | Found a faded altar of an unknown god.
    54 | D:1      | Prayed at the altar of an unknown god.
    54 | D:1      | Became a worshipper of Gozag Ym Sagoz the Greedy
   283 | D:1      | Reached skill level 1 in Stealth
   287 | D:1      | Reached XP level 2. HP: 19/24 MP: 4/4
   948 | D:2      | Reached XP level 3. HP: 29/29 MP: 4/6
   980 | D:2      | Noticed Jessica
   985 | D:2      | Learned a level 2 spell: Blink
   988 | D:2      | Learned a level 2 spell: Lesser Beckoning
   997 | D:2      | Killed Jessica
  1231 | D:2      | Killed by an exploding bombardier beetle... ignited by
                  | their inner flame

Illustrated notes

Levels and vault maps discovered:
D:1:      grunt_arrival_crossed_arrows, layout_basic,
          hellmonk_ecumenical_altar_zigzags
D:2:      layout_rooms, uniq_jessica

Skill      XL: |  1  2  3 |
---------------+----------+-----
Short Blades   | 2 |  2.6
Stealth        | 1 2 |  2.2
Fighting       | 2 |  2.1
Spellcasting   | 2 |  2.1
Throwing       | |  0.8
Armour         | |  1.2
Dodging        | |  1.3
Translocations | |  3.0

Action                     || total
---------------------------++-------
  Melee: Short sword       ||   155
         Tailslap          ||    20
   Cast: Blink             ||     1
    Use: Scroll            ||     3
         Potion            ||     1
   Stab: Sleeping          ||     1
 Armour: Leather armour    ||    99
  Dodge: Dodged            ||    56

Table legend: (Time is in decaauts)
 A = Elapsed time spent in this place.
 B = Non-inter-level travel time spent in this place.
 C = Inter-level travel time spent in this place.
 D = Time resting spent in this place.
 E = Time spent auto-exploring this place.
 F = Levels seen in this place.
 G = Mean time per level.
                   A        B        C        D        E       F      G
               +--------+--------+--------+--------+--------+-----+--------+
         Total |   1214 |   1180 |     34 |    104 |    812 |   2 |  607.0 |
       Dungeon |   1214 |   1180 |     34 |    104 |    812 |   2 |  607.0 |
               +--------+--------+--------+--------+--------+-----+--------+

Top non-repeatable levels by time:
     D:1: 1051 daAuts
     D:2: 163 daAuts
